 Dungeon Crawl Stone Soup version 0.22-a0-407-gb098539 (webtiles) character file.

23 KristoblXynda the Magician (level 2, -2/24 HPs)
             Began as a Troll Wizard on May 9, 2018.
             Slain by Sigmund
             ... wielding a +3 scythe of flaming
              (5 damage)
             ... on level 2 of the Dungeon.
             The game lasted 00:02:11 (1075 turns).

KristoblXynda the Magician (Troll Wizard)           Turns: 1075, Time: 00:02:12

Health: -2/24      AC:  5    Str: 14    XL:     2   Next: 72%
Magic:  4/4        EV:  9    Int: 14    God:
Gold:   74         SH:  0    Dex:  8    Spells: 4/5 levels left

rFire    . . .     SeeInvis .     - Unarmed
rCold    . . .     Gourm    +   (no shield)
rNeg     . . .     Faith    .   a - +0 robe
rPois    .         Spirit   .   b - +0 hat
rElec    .         Reflect  .   (no cloak)
rCorr    .         Harm     .   (gloves unavailable)
MR       .....                  (boots unavailable)
Stlth    +.........             (no amulet)
HPRegen  0.48/turn              (no ring)
MPRegen  0.09/turn              (no ring)

@: confused, flying
A: large, unfitting armour, claws 3, fast metabolism 3, gourmand, regeneration
1, shaggy fur 1, tough skin 2
a: no special abilities


You were on level 2 of the Dungeon.
You were very full.

You visited 1 branch of the dungeon, and saw 2 of its levels.

You collected 74 gold pieces.

Inventory:

Armour
 a - a +0 robe (worn)
 b - a +0 hat (worn)
Jewellery
 g - a cursed ring of loudness {unknown}
Scrolls
 c - a scroll of enchant armour {unknown}
 e - 2 scrolls of noise {unknown}
 f - a scroll of remove curse {unknown}
 h - a scroll of blinking {unknown}
Comestibles
 d - 6 rations


   Skills:
 - Level 1.5 Dodging
 - Level 1.0 Stealth
 * Level 1.6 Unarmed Combat
 - Level 2.0 Spellcasting
 * Level 1.4 Conjurations
   Level 0.6 Summonings
   Level 0.6 Translocations


You had 4 spell levels left.
You knew the following spells:

 Your Spells              Type           Power        Failure   Level  Hunger
a - Magic Dart            Conj           #...         13%         1    ##.....


Dungeon Overview and Level Annotations

Branches:
Dungeon (2/15)

Altars:
Nemelex Xobeh

Annotations:
D:2 Sigmund


Innate Abilities, Weirdness & Mutations

You are too large for most types of armour.
You have claws for hands.
Your metabolism is lightning-fast.
You like to eat raw meat.
Your natural rate of healing is unusually fast.
You are covered in fur. (AC +1)
You have very tough skin. (AC +2)


Message History

The rat twitches its whiskers.
The rat barely misses you.
Sigmund mumbles some strange words.
Sigmund flickers and vanishes!
Deactivating autopickup; reactivate with Ctrl-A.
You closely miss something. The rat bites you but does no damage.
Something hits you.
* * * LOW HITPOINT WARNING * * *
Something burns you.
* * * LOW HITPOINT WARNING * * *
You miss something. The rat bites you.
* * * LOW HITPOINT WARNING * * *
You closely miss something. The rat bites you but does no damage.
Unknown command.
You scratch something.
You hear some strange, mumbled words.
You are confused.
The rat barely misses you.
You closely miss something. Something hits you.
You die...

#. ..## ## #.# #... .#
#.# #.. .. ##.#
#########.. .
..#####.......#.#.#
#.##......###.#.#.####
##.##.##.#.###.#r.....#
................@{.#
##.##.##.#.###.#..#.#
##.##..........#.##
...#####.#######.. ####
#.# #.#. ... #<... #
#.. .. #.. ..#


You could see a rat.

Vanquished Creatures
  2 adder zombies (D:1)
  2 giant cockroaches (D:1)
  2 hobgoblins (D:1)
  A ball python (D:1)
  2 frilled lizards
  2 goblins
  3 kobolds
  2 rats (D:1)
16 creatures vanquished.

Notes
Turn   | Place    | Note
-------+----------+-------------------------------------------
     0 | D:1      | KristoblXynda the Troll Wizard began the quest for the Orb.
     0 | D:1      | Reached XP level 1. HP: 16/16 MP: 2/2
    38 | D:1      | Reached skill level 1 in Unarmed Combat
    38 | D:1      | Reached skill level 1 in Conjurations
    38 | D:1      | Reached XP level 2. HP: 22/24 MP: 4/4
   482 | D:1      | Found a sparkling altar of Nemelex Xobeh.
  1053 | D:2      | Noticed Sigmund
  1075 | D:2      | Slain by Sigmund

Vault maps used:
D:1:      saegor_arrival_fortress, grunt_decor_cap,
          nemelex_xobeh_ov_fountains_minmay
D:2:      uniq_sigmund, uniq_crazy_yiuf_cottage

Skill      XL: |  1 |
---------------+----+-----
Unarmed Combat | 1 |  1.6
Conjurations   | 1 |  1.4
Dodging        | |  1.5
Stealth        | |  1.0
Spellcasting   | |  2.0
Summonings     | |  0.6
Translocations | |  0.6

Action                   || total
-------------------------++-------
Melee: Unarmed           ||    88
  Use: Potion            ||     2
 Stab: Sleeping          ||     3
  Eat: Chunk             ||    13
Armor: Robe              ||    36
Dodge: Dodged            ||    28

Table legend:
 A = Spawn XP
 B = Non-spawn XP
 C = Spawn XP percentage of total XP
 D = Spawn monster count
 E = Non-spawn monster count
 F = Spawn count percentage of total count
 G = Total turns spent on level
                    A         B        C        D         E        F      G
               +---------+---------+-------+---------+---------+-------+---------
         Total |       0 |      33 |   0.0 |       0 |      16 |   0.0 |  1075
               +---------+---------+-------+---------+---------+-------+---------
           D:1 |       0 |      28 |   0.0 |       0 |      13 |   0.0 |   923
           D:2 |       0 |       5 |   0.0 |       0 |       3 |   0.0 |   152
               +---------+---------+-------+---------+---------+-------+---------
